 Dungeon Crawl Stone Soup version bcrawl-1.28.1b (webtiles) character file.

Game seed: 3965561761815040987

114947 Adamkad1 the Conjurer (level 3, -7/26 HPs)
             Began as a Sand Dwarf Conjurer on Dec 16, 2020.
             Mangled by a gnoll
             ... wielding a +0 halberd
              (11 damage)
             ... on level 2 of the Dungeon.
             The game lasted 00:02:42 (1145 turns).

Adamkad1 the Conjurer (Sand Dwarf Conjurer)         Turns: 1145, Time: 00:02:43

Health: -7/26      AC:  5    Str: 12    XL:     3   Next: 41%
Magic:  3/6        EV: 13    Int: 16    God:
Gold:   95         SH:  0    Dex: 11    Spells: 4/7 levels left

rFire    . . .     SeeInvis .   d - +0 dagger
rCold    . . .     Gourm    .   (shield restricted)
rNeg     . . .     Faith    .   b - +0 ring mail
rPois    .         Spirit   .   (no helmet)
rElec    .         Reflect  .   (no cloak)
rCorr    .         Harm     .   (no gloves)
MR       .....                  (no boots)
Stlth    +.........             (no amulet)
HPRegen  0.08/turn              (no ring)
MPRegen  0.10/turn              (no ring)

@: slow
A: small, slowness 1, armour attunement
a: no special abilities


You were on level 2 of the Dungeon.
You were hungry.

You visited 1 branch of the dungeon, and saw 2 of its levels.

You collected 95 gold pieces.

Inventory:

Hand Weapons
 d - a +0 dagger (weapon)
Armour
 a - a +0 robe
 b - a +0 ring mail (worn)
Jewellery
 j - a +3 ring of intelligence {unknown}
Scrolls
 h - 2 scrolls of remove curse {unknown}
 i - a scroll of identify
 l - a scroll of teleportation {unknown}
Potions
 c - a potion of magic
 f - a potion of agility {unknown}
 g - a potion of heal wounds {unknown}
 k - a potion of haste {unknown}
Comestibles
 e - 4 rations {!d}


   Skills:
 + Level 1.0 Armour
 + Level 1.8 Dodging
 + Level 1.7 Stealth
 * Level 2.5 Spellcasting
 * Level 2.9 Conjurations


You had 4 spell levels left.
You knew the following spells:

 Your Spells              Type           Power        Failure   Level  Hunger
a - Magic Dart            Conj           ##..         6%          1    None
b - Searing Ray           Conj           ##......     9%          2    ##.....

Your spell library contained the following spells:

 Spells                   Type           Power        Failure   Level  Hunger
 Iskenderun's Mystic Bla  Conj           ##......     17%         3    ####...
 Fulminant Prism          Conj/Hex       #.........   71%         4    ######.
 Irradiate                Conj/Tmut      #.........   96%         5    #######


Dungeon Overview and Level Annotations

Branches:
Dungeon (2/12)

Altars:


Innate Abilities, Weirdness & Mutations

You are small and have problems with some larger weapons.
You cover ground slowly.
Armour does not affect your spellcasting.


Message History

Aiming: Searing Ray (safe; 9% risk of failure)
Press: ? - help, Shift-Dir - straight line, f/p - gnoll
Aim: a gnoll, wielding a +0 halberd and wearing a +0 plate armour The searing ray hits the gnoll but does no damage. (Press . to maintain the ray.)
The searing ray hits the gnoll but does no damage.
The gnoll barely misses you.
The searing ray hits the gnoll but does no damage.
The gnoll hits you from afar with a +0 halberd.
The searing ray misses the gnoll.
The gnoll completely misses you.
The gnoll hits you from afar with a +0 halberd!
Ouch! That really hurt!
* * * LOW HITPOINT WARNING * * *
Unknown command.
The gnoll hits you from afar with a +0 halberd.
* * * LOW HITPOINT WARNING * * *
The gnoll closely misses you. The gnoll barely misses you.
The gnoll hits you from afar with a +0 halberd!
You die...

.. #..........## #.#
. ######......#
#########.# .
######.###..รท......#
#...........######
#.##..#..##.# #
#..#..##.# #
#..g..##.#
#.###g#.###.#
#..@....# #.#
#####.......#
#########


You could see 2 gnolls.

Vanquished Creatures
  A gnoll (D:1)
  A worm (D:1)
  4 leopard geckos
  An orc (D:2)
  2 bats (D:1)
  2 giant cockroaches (D:1)
  A goblin (D:1)
  A hobgoblin (D:1)
  A ball python (D:1)
  A frilled lizard (D:1)
  4 kobolds
19 creatures vanquished.

Notes
Turn   | Place    | Note
-------+----------+-------------------------------------------
     0 | D:1      | Adamkad1 the Sand Dwarf Conjurer began the quest for the
                  | Orb.
     0 | D:1      | Reached XP level 1. HP: 14/14 MP: 3/3
   206 | D:1      | Reached XP level 2. HP: 20/20 MP: 1/5
   781 | D:1      | Learned a level 2 spell: Searing Ray
   860 | D:1      | Reached XP level 3. HP: 21/26 MP: 1/6
   916 | D:2      | Reached skill level 1 in Armour
  1145 | D:2      | Mangled by a gnoll

Skill      XL: |  1  2  3 |
---------------+----------+-----
Armour         | 1 |  1.0
Dodging        | |  1.8
Stealth        | |  1.7
Spellcasting   | |  2.5
Conjurations   | |  2.9

Action                   || total
-------------------------++-------
Melee: Unarmed           ||     5
       Dagger            ||     9
 Cast: Magic Dart        ||    44
       Searing Ray       ||     2
 Stab: Distracted        ||     1
  Eat: Chunk             ||     1
Armor: Robe              ||     4
       Ring mail         ||     2
Dodge: Dodged            ||    17
